 Seeded DCSS version 0.29.1-1-gd02db6906a (webtiles) character file.

Game seed: 8800239265270809476 (custom seed)

65 GigaChad the Trooper (level 3, -5/30 HPs)
             Began as a Demonspawn Fighter on Sept 27, 2022.
             Killed from afar by an orc wizard (6 damage)
             ... with a puff of flame
             ... on level 4 of the Dungeon.
             The game lasted 00:04:35 (2101 turns).

GigaChad the Trooper (Demonspawn Fighter)           Turns: 2101, Time: 00:04:35

Health: -5/30      AC:  8    Str: 18    XL:     3   Next: 94%
Magic:  3/3        EV:  9    Int:  9    God:
Gold:   123        SH:  0    Dex: 12    Spells: 2/2 levels left

rFire   . . .      SeeInvis .   f - +2 battleaxe (freeze)
rCold   . . .      Faith    .   (shield currently unavailable)
rNeg    . . .      Spirit   .   b - +0 scale mail
rPois   .          Reflect  .   (no helmet)
rElec   .          Harm     .   (no cloak)
rCorr   .          Rampage  .   (no gloves)
Will    .....                   k - +0 pair of boots
Stlth   ..........              (no amulet)
HPRegen 0.10/turn               (no ring)
MPRegen 0.08/turn               (no ring)

@: no status effects
A: rugged brown scales 1, demonic guardian 1
a: no special abilities


You were on level 4 of the Dungeon.
You visited 1 branch of the dungeon, and saw 3 of its levels.

You collected 123 gold pieces.

Inventory:

Hand Weapons
 a - a +0 long sword
 f - a +2 battleaxe of freezing (weapon)
Missiles
 i - a throwing net (quivered)
Armour
 b - a +0 scale mail (worn)
 c - a +0 buckler
 k - a +0 pair of boots (worn)
Scrolls
 e - a scroll of teleportation {unknown}
 h - a scroll of blinking {unknown}
 j - a scroll of noise {unknown}
 n - a scroll of enchant weapon {unknown}
 p - a scroll of silence {unknown}
 q - a scroll of magic mapping {unknown}
Potions
 d - a potion of might
 g - a potion of degeneration {unknown}
 l - a potion of invisibility {unknown}
 m - a potion of mutation {unknown}
 o - a potion of heal wounds {unknown}


   Skills:
 + Level 3.6 Fighting
 - Level 2.0 Long Blades
 - Level 1.6 Axes
 - Level 3.1 Armour
 - Level 0.2 Dodging
 - Level 2.8 Shields


You had 2 spell levels left.
You didn't know any spells.
Your spell library contained the following spells:

 Spells                   Type           Power      Damage    Failure   Level
 Sublimation of Blood     Necr           0%         N/A       88%         2
 Petrify                  Tmut/Erth      0%         N/A       100%        4
 Irradiate                Conj/Tmut      0%         3d11      100%        5


Dungeon Overview and Level Annotations

Branches:
Dungeon (4/15)
 Temple: D:4-7

Altars:


Innate Abilities, Weirdness & Mutations

You are partially covered in rugged brown scales. (AC +1, +3% HP)
A weak demonic guardian rushes to your aid.


Message History

You hear some strange, mumbled words.
A puff of flame appears from out of thin air!
The puff of flame misses you.
You miss something.
An orc wizard appears from thin air!
Reactivating autopickup.
The orc wizard barely misses you.
You closely miss the orc wizard.
The orc wizard hits you but does no damage.
The orc wizard points at you and mumbles some strange words.
You are confused.
You bump into the rock wall.
The orc wizard hits you but does no damage.
You barely miss the orc wizard.
The orc wizard hits you with a +0 dagger.
The orc wizard hits you but does no damage.
The orc wizard casts a spell at you.
The puff of flame hits you but does no damage.
The orc wizard casts a spell.
The orc wizard flickers and vanishes!
Deactivating autopickup; reactivate with Ctrl-A.
Things that are here:
a +0 short sword; a +0 scale mail; an orc corpse Something hits you.
Something hits you.
A demonic guardian appears!
You feel less confused.
A magic dart appears from out of thin air!
The magic dart hits you!
* * * LOW HITPOINT WARNING * * *
Something hits you but does no damage.
You closely miss something. Something hits you but does no damage.
You hit something. You freeze something. Something hits you but does no damage.
Something hits you.
* * * LOW HITPOINT WARNING * * *
A demonic guardian appears!
You closely miss something. Something hits you but does no damage.
You miss something. Something hits you but does no damage.
You hear some strange, mumbled words.
A puff of flame appears from out of thin air!
The puff of flame hits you.
You die...

###........#..#
###....###..#
###### ##.# #.#
#.# #.## #).#
#{)# #@5# ###
#.5#
....######.##
........##..#
.....o......#
.....o......#
.............#
..............#
#.............#


You could see a friendly iron imp (summoned) and a friendly ufetubus (summoned).

Vanquished Creatures
  2 worms (D:2)
  3 dart slugs
  2 orcs (D:4)
  3 ball pythons
  5 endoplasms
  2 giant cockroaches
  3 goblins (D:1)
  5 hobgoblins
  3 jackals
  2 kobolds
  5 quokkas
  2 bats
  5 frilled lizards
  4 rats
46 creatures vanquished.

Notes
Turn   | Place    | Note
-------+----------+-------------------------------------------
     0 | D:1      | GigaChad the Demonspawn Fighter began the quest for the
                  | Orb.
     0 | D:1      | Reached XP level 1. HP: 18/18 MP: 1/1
    36 | D:1      | Identified a scroll of acquirement
    36 | D:1      | Acquired a +2 battleaxe of freezing
   382 | D:1      | Gained mutation: You are partially covered in rugged brown
                  | scales. (AC +1, +3% HP) [demonic ancestry]
   382 | D:1      | Reached XP level 2. HP: 17/24 MP: 2/2
  1170 | D:1      | Gained mutation: A weak demonic guardian rushes to your
                  | aid. [demonic ancestry]
  1170 | D:1      | Reached XP level 3. HP: 23/29 MP: 3/3
  1379 | D:2      | Reached skill level 1 in Axes
  1959 | D:2      | You fall into a shaft and drop 2 floors!
  2099 | D:4      | HP: 1/30 [something (1)]
  2101 | D:4      | Killed from afar by an orc wizard

Illustrated notes

Levels and vault maps discovered:
D:1:      minmay_arrival_widening_spiral_wide, layout_rooms,
          serial_bayou_pond_b, minmay_crystal_room, st_stairs_3
D:2:      layout_basic, hex_tiny, minmay_tetromino_o2
D:4:      layout_cave_pods, nicolae_tso_besieged_by_evil,
          minmay_temple_entry_arrows

Skill      XL: |  1  2  3 |
---------------+----------+-----
Long Blades    | 2 |  2.0
Armour         | 3 |  3.1
Axes           | 1 |  1.6
Fighting       | |  3.6
Dodging        | |  0.2
Shields        | |  2.8

Action                   || total
-------------------------++-------
Melee: Battleaxe         ||    91
  Use: Scroll            ||     1
Armor: Scale mail        ||   117
Dodge: Dodged            ||   106
